 Dungeon Crawl Stone Soup version 0.29-a0-286-g41199d4a87 (webtiles) character file.

Game seed: 449585489486553474

72 Dabor the Skirmisher (level 4, -2/29 HPs)
             Began as a Gargoyle Fighter on Mar 16, 2022.
             Was a Follower of Okawaru.
             Slain by Terence
             ... wielding a +5 antimagic falchion
              (10 damage)
             ... on level 2 of the Dungeon.
             The game lasted 00:02:09 (1514 turns).

Dabor the Skirmisher (Gargoyle Fighter)             Turns: 1514, Time: 00:02:09

Health: -2/29      AC: 10    Str: 22    XL:     4   Next: 25%
Magic:  0/4        EV:  9    Int:  8    God:    Okawaru [*.....]
Gold:   66         SH:  4    Dex:  9    Spells: 3/3 levels left

rFire   . . .      SeeInvis .   a - +0 flail
rCold   . . .      Faith    .   c - +0 buckler
rNeg    + . .      Spirit   .   b - +0 scale mail
rPois   ∞          Reflect  .   (no helmet)
rElec   +          Harm     .   (no cloak)
rCorr   .          Rampage  .   (no gloves)
Will    .....                   (no boots)
Stlth   ..........              (no amulet)
HPRegen 0.09/turn               (no ring)
MPRegen 0.09/turn               (no ring)

@: no status effects
A: sickness immunity, AC +3, negative energy resistance 1, electricity
resistance, torment resistance 1, petrification resistance
a: Renounce Religion, Heroism


You were on level 2 of the Dungeon.
You worshipped Okawaru.
Okawaru was aware of your devotion.
You visited 1 branch of the dungeon, and saw 2 of its levels.

You collected 66 gold pieces.

Inventory:

Hand Weapons
 a - a +0 flail (weapon)
Missiles
 i - 5 poisoned darts (quivered)
Armour
 b - a +0 scale mail (worn)
 c - a +0 buckler (worn)
Scrolls
 e - a scroll of amnesia {unknown}
 j - 2 scrolls of noise {unknown}
 k - a scroll of holy word {unknown}
 l - 3 scrolls of magic mapping {unknown}
Potions
 d - a potion of might
 f - 2 potions of brilliance {unknown}
 g - a potion of curing {unknown}
 h - a potion of mutation {unknown}
 m - 2 potions of cancellation {unknown}
 n - a potion of attraction {unknown}
 o - a potion of degeneration {unknown}
 p - a potion of lignification {unknown}


   Skills:
 + Level 3.9 Fighting
 + Level 2.6 Maces & Flails
 + Level 3.8 Armour
 + Level 0.8 Dodging
 - Level 3.5 Shields
 + Level 1.2 Invocations


You had 3 spell levels left.
You didn't know any spells.
Your spell library contained the following spells:

 Spells                   Type           Power      Damage    Failure   Level
 Apportation              Tloc           0%         N/A       82%         1
 Animate Skeleton         Necr           Unusable   N/A       N/A         1
 Summon Small Mammal      Summ           Unusable   N/A       N/A         1

Dungeon Overview and Level Annotations

Branches:
Dungeon (2/15)

Altars:
Okawaru

Annotations:
D:2 1 runed translucent door, Crazy Yiuf, Terence


Innate Abilities, Weirdness & Mutations

You are immune to sickness and miasma.
Your stone body is resilient. (AC +3)
You are immune to poison.
You resist negative energy. (rN+)
You are resistant to electric shocks. (rElec)
You are resistant to unholy torment.
You are immune to petrification.


Message History

Found a stone staircase leading up.
No target in view!
Terence the Incautious comes into view.
He is wielding a +5 antimagic falchion.
Terence shouts!
Terence says, "You're history."
Terence is nearby!
Terence is nearby!
Terence hits you with a +5 antimagic falchion!
You feel your power leaking away.
Terence is nearby!
You closely miss Terence.
Terence hits you with a +5 antimagic falchion.
Terence is nearby!
You sock Terence!
Terence is heavily wounded.
Terence hits you but does no damage. x2
Terence is nearby!
You barely miss Terence.
Terence is heavily wounded.
Terence hits you but does no damage.
Terence is nearby!
You barely miss Terence.
Terence is heavily wounded.
Terence barely misses you.
Terence is nearby!
You barely miss Terence.
Terence is heavily wounded.
You block Terence's attack.
Terence hits you with a +5 antimagic falchion!
Terence is nearby!
You are too injured to fight recklessly!
Terence is nearby!
You hit Terence.
Terence is severely wounded.
Terence hits you with a +5 antimagic falchion.
* * * LOW HITPOINT WARNING * * *
You barely miss Terence.
Terence is severely wounded.
Terence hits you with a +5 antimagic falchion!
You die...

## ######## .# ###......## .#
#......<..## .# ###...##.....#
.# #8....8#.....# .#
##.....##.....# ##
#@@...##......# .# ###
..........##...^...# .# ##.#
.........8#.......###### .##
#..###.......###............#
..#
#....##....$##.............##
..###...####...##............###
..........#8...8#...........##
....##....##...##...........#
.....#....##...##.#........##


You could see Terence.

Vanquished Creatures
  3 adders (D:2)
  A worm (D:2)
  A dart slug (D:2)
  5 ball pythons
  3 endoplasms
  2 giant cockroaches
  6 goblins
  2 hobgoblins (D:1)
  2 quokkas (D:1)
  5 bats
  A frilled lizard (D:1)
  5 kobolds
  2 rats (D:1)
38 creatures vanquished.

Notes
Turn   | Place    | Note
-------+----------+-------------------------------------------
     0 | D:1      | Dabor the Gargoyle Fighter began the quest for the Orb.
     0 | D:1      | Reached XP level 1. HP: 14/14 MP: 1/1
    98 | D:1      | Reached XP level 2. HP: 15/19 MP: 2/2
   299 | D:1      | Found a faded altar of an unknown god.
   356 | D:1      | Prayed at the altar of an unknown god.
   356 | D:1      | Became a worshipper of Warmaster Okawaru
   356 | D:1      | Reached * piety under Okawaru
   830 | D:1      | Reached XP level 3. HP: 19/23 MP: 3/3
  1112 | D:2      | Reached skill level 1 in Invocations
  1188 | D:2      | Reached XP level 4. HP: 27/29 MP: 4/4
  1331 | D:2      | Found a runed translucent door.
  1332 | D:2      | Noticed Crazy Yiuf
  1504 | D:2      | Noticed Terence
  1514 | D:2      | Slain by Terence

Illustrated notes

Levels and vault maps discovered:
D:1:      dreamdust_arrival_sigmund_warning, layout_loops_ring,
          shapermc_ecumenical_altar_totnotflames, minmay_hexomino_f4
D:2:      layout_rooms, serial_corexii_hall, chequers_hall_statues_y,
          corexii_hall_statues_x, uniq_terence, uniq_crazy_yiuf_cottage

Skill      XL: |  1  2  3 |
---------------+----------+-----
Invocations    | 1 |  1.2
Fighting       | |  3.9
Maces & Flails | |  2.6
Armour         | |  3.8
Dodging        | |  0.8
Shields        | |  3.5

Action                   |  1- 3 |  4- 6 || total
-------------------------+-------+-------++-------
Melee: Flail             |   115 |    21 ||   136
Armor: Scale mail        |    81 |    15 ||    96
Dodge: Dodged            |    74 |     8 ||    82
Block: Buckler           |    23 |     5 ||    28

Table legend: (Time is in decaauts)
 A = Elapsed time spent in this place.
 B = Non-inter-level travel time spent in this place.
 C = Inter-level travel time spent in this place.
 D = Time resting spent in this place.
 E = Time spent auto-exploring this place.
 F = Levels seen in this place.
 G = Mean time per level.
                   A        B        C        D        E       F      G
               +--------+--------+--------+--------+--------+-----+--------+
         Total |   1558 |   1511 |     47 |      0 |   1205 |   2 |  779.0 |
       Dungeon |   1558 |   1511 |     47 |      0 |   1205 |   2 |  779.0 |
               +--------+--------+--------+--------+--------+-----+--------+

Top non-repeatable levels by time:
     D:1: 1012 daAuts
     D:2: 546 daAuts
